 Dungeon Crawl Stone Soup version 0.28.0-1-gb440e238dd (webtiles) character file.

Game seed: 12937417101354906494

221 avis the Chopper (level 5, -1/50 HPs)
             Began as a Hill Orc Monk on Feb 20, 2022.
             Was a Follower of Beogh.
             Slain by an orc (6 damage)
             ... on level 5 of the Dungeon.
             The game lasted 00:15:11 (5572 turns).

avis the Chopper (Hill Orc Monk)                    Turns: 5572, Time: 00:15:13

Health: -1/50      AC:  5    Str: 16    XL:     5   Next: 98%
Magic:  5/5        EV: 11    Int: 10    God:    Beogh [*.....]
Gold:   223        SH:  0    Dex: 13    Spells: 4/4 levels left

rFire   . . .      SeeInvis .   a - +0 hand axe
rCold   . . .      Faith    .   (no shield)
rNeg    . . .      Spirit   .   C - +0 ring mail
rPois   .          Reflect  .   (no helmet)
rElec   .          Harm     .   (no cloak)
rCorr   .          Rampage  .   (no gloves)
Will    +....                   (no boots)
Stlth   ..........              (no amulet)
HPRegen 0.16/turn               e - ring of willpower
MPRegen 0.09/turn               (no ring)

@: confused
A: no striking features
a: Renounce Religion


You were on level 5 of the Dungeon.
You worshipped Beogh.
Beogh was aware of your devotion.
You visited 1 branch of the dungeon, and saw 5 of its levels.

You collected 223 gold pieces.

Inventory:

Hand Weapons
 a - a +0 hand axe (weapon)
 t - a +0 flail
 y - a +0 spear
Missiles
 c - 87 bolts
 d - 68 stones (quivered)
 h - 5 javelins
 l - 19 sling bullets
 m - 25 arrows
 n - 5 boomerangs
 s - 5 poisoned darts
 v - 2 curare-tipped darts
Armour
 C - a +0 ring mail (worn)
Magical Staves
 k - a staff of death
Jewellery
 e - a ring of willpower (left hand)
Wands
 x - a wand of polymorph (5)
 E - a wand of paralysis (4)
Scrolls
 b - a scroll of teleportation {unknown}
 f - a scroll of identify
 i - 2 scrolls of amnesia {unknown}
 q - 2 scrolls of fear {unknown}
 u - a scroll of noise {unknown}
 z - a scroll of holy word {unknown}
 A - a scroll of vulnerability {unknown}
Potions
 g - 5 potions of might
 j - 2 potions of haste
 o - a potion of magic
 p - a potion of curing
 r - a potion of attraction
 w - a potion of mutation
 B - a potion of cancellation
 D - a potion of berserk rage


   Skills:
 * Level 5.7 Fighting
 - Level 7.0 Axes
 - Level 2.4 Dodging
 - Level 1.5 Stealth


You had 4 spell levels left.
You didn't know any spells.
Your spell library was empty.

Dungeon Overview and Level Annotations

Branches:
Dungeon (5/15)
 Temple: D:4-7

Altars:
Ru
Sif Muna
Uskayaw
Beogh


Message History

The magic dart hits you. The orc hits you but does no damage. x2
You hit the orc wizard.
The orc wizard is almost dead.
The orc wizard misses you. The orc closely misses you.
You hit the orc wizard but do no damage.
The orc wizard is almost dead.
The orc hits you from afar with a +0 trident.
The orc wizard hits you with a +0 dagger.
You hit the orc wizard.
You kill the orc wizard!
Beogh accepts your kill. The orc closely misses you. The orc barely misses you.
You hit the orc wizard.
The orc wizard is moderately wounded.
The orc barely misses you.
The orc wizard hits you with a +2 dagger of freezing.
The orc wizard freezes you.
The orc hits you from afar with a +0 trident.
You slash the orc wizard!
The orc wizard is almost dead.
The orc wizard hits you with a +2 dagger of freezing.
The orc wizard freezes you.
The orc hits you from afar with a +0 trident. x2
* * * LOW HITPOINT WARNING * * *
The orc wizard gestures at you while chanting.
The magic dart hits you.
* * * LOW HITPOINT WARNING * * *
There is a stone staircase leading up here.
The orc wizard points at you and mumbles some strange words.
You are confused.
In your confused state, you trip and fall back down the stairs.
* * * LOW HITPOINT WARNING * * *
The orc wizard points at you and mumbles some strange words.
You resist with almost no effort. The orc barely misses you.
In your confused state, you trip and fall back down the stairs.
* * * LOW HITPOINT WARNING * * *
The orc wizard barely misses you.
The orc hits you from afar with a +0 trident.
You die...
Beogh appreciates the orc's killing of a heretic priest.

........ #.#
##...... #.#
...... #.#
#.... #.#
... ... #o#
#o#
##o#####.
#@........
#.......##.#
#.......#
#.......+
#.......#
#.......#
#.......#
#.......#


You could see an orc wizard and 2 orcs.

Vanquished Creatures
  A black bear (D:4)
  An iguana (D:4)
  An orc wizard (D:5)
  2 adders
  A dart slug (D:2)
  An orc (D:3)
  6 ball pythons
  2 bats
  5 endoplasms
  3 giant cockroaches (D:1)
  5 goblins
  6 hobgoblins
  5 kobolds
  3 quokkas
  2 frilled lizards
  6 rats
50 creatures vanquished.

Vanquished Creatures (others)
  An orc wizard (D:4)
  An orc (D:4)
2 creatures vanquished.

Grand Total: 52 creatures vanquished

Notes
Turn   | Place    | Note
-------+----------+-------------------------------------------
     0 | D:1      | avis the Hill Orc Monk began the quest for the Orb.
     0 | D:1      | Reached XP level 1. HP: 19/19 MP: 1/1
   366 | D:1      | Found a roughly hewn altar of Beogh.
   384 | D:1      | Reached XP level 2. HP: 21/27 MP: 2/2
   456 | D:1      | Found a faded altar of an unknown god.
   784 | D:1      | Reached skill level 5 in Axes
   998 | D:1      | Reached XP level 3. HP: 33/33 MP: 3/3
  2909 | D:3      | Reached skill level 5 in Fighting
  3019 | D:3      | Reached XP level 4. HP: 42/42 MP: 4/4
  4311 | D:4      | Noticed a black bear
  4731 | D:4      | HP: 2/42 [black bear (7)]
  4732 | D:4      | Killed a black bear
  4733 | D:4      | Reached skill level 6 in Axes
  4733 | D:4      | Reached skill level 7 in Axes
  4733 | D:4      | Reached XP level 5. HP: 2/48 MP: 5/5
  5191 | D:4      | Found a faded altar of an unknown god.
  5191 | D:4      | Found a sacrificial altar of Ru.
  5198 | D:4      | Found a faded altar of an unknown god.
  5200 | D:4      | Found a shimmering blue altar of Sif Muna.
  5202 | D:4      | Found a hide-covered altar of Uskayaw.
  5358 | D:4      | Became a worshipper of Beogh the Brigand
  5358 | D:4      | Reached * piety under Beogh
  5358 | D:4      | Reached ** piety under Beogh
  5512 | D:5      | Entered Level 5 of the Dungeon
  5572 | D:5      | Slain by an orc

Illustrated notes

Levels and vault maps discovered:
D:1:      dpeg_arrival_arbitrary_b, layout_basic,
          hellmonk_ecumenical_altar_defaced_shrine, minmay_split_cup_large
D:2:      layout_basic
D:3:      layout_basic, dk_noncrumbling_3
D:4:      layout_loops_cross, chequers_temple_overflow_minitemple
D:5:      layout_basic, uniq_sigmund

Skill      XL: |  1  2  3  4 |
---------------+-------------+-----
Fighting       | 4 5 |  5.7
Axes           | 5 7 |  7.0
Dodging        | |  2.4
Stealth        | |  1.5

Action                   |  1- 3 |  4- 6 || total
-------------------------+-------+-------++-------
Melee: Hand axe          |   161 |    65 ||   226
       Punch             |     2 |       ||     2
Invok: Convert to Beogh  |       |     1 ||     1
  Use: Potion            |     3 |       ||     3
       Scroll            |       |     5 ||     5
 Stab: Sleeping          |     2 |     3 ||     5
Armor: Robe              |    18 |     6 ||    24
       Ring mail         |       |     4 ||     4
Dodge: Dodged            |    95 |    45 ||   140
